 Seeded DCSS version 0.30.1-4-g462c640d31 (webtiles) character file.

Game seed: 16653573533833982129 (custom seed)

11 Psyclone the Stinger (level 2, 17/17 HPs)
             Began as an Octopode Venom Mage on Sept 18, 2023.
             Quit the game on level 1 of the Dungeon.
             The game lasted 00:01:11 (211 turns).

Psyclone the Stinger (Octopode Venom Mage)           Turns: 211, Time: 00:01:12

Health: 17/17      AC:  1    Str:  7    XL:     2   Next: 25%
Magic:  5/5        EV: 13    Int: 17    God:
Gold:   0          SH:  0    Dex: 12    Spells: 4/5 levels left

rFire   . . .        d - +0 dagger
rCold   . . .        (no shield)
rNeg    . . .        (helmet restricted)
rPois   .            (no amulet)
rElec   .            (no ring)
rCorr   .            (no ring)
SInv    .            (no ring)
Will    .....        (no ring)
Stlth   +++          (no ring)
HPRegen 0.22/turn    (no ring)
MPRegen 0.09/turn    (no ring)
                     (no ring)

%: no passive effects
@: no status effects
A: almost no armour, amphibious, 8 rings, camouflage 1, gelatinous body 1,
(nimble swimmer 1), tentacles
a: no special abilities


You were on level 1 of the Dungeon.
You visited 1 branch of the dungeon, and saw 1 of its levels.

Inventory:

Hand Weapons
 d - a +0 dagger (weapon)
Scrolls
 b - a scroll of butterflies {unknown}
 e - 2 scrolls of identify {unknown}
Potions
 a - a potion of magic
 c - a potion of ambrosia {unknown}
 f - a potion of curing {unknown}
 g - a potion of might {unknown}


   Skills:
 - Level 2.0 Dodging
 - Level 2.6 Stealth
 - Level 2.0 Spellcasting
 - Level 1.0 Transmutations
 + Level 4.4 Poison Magic


You had 4 spell levels left.
You knew the following spells:

 Your Spells              Type           Power      Damage    Failure   Level
a - Sting                 Tmut/Pois      44%        1d5       6%          1

Your spell library contained the following spells:

 Spells                   Type           Power      Damage    Failure   Level
 Poisonous Vapours        Pois/Air       18%        N/A       12%         2
 Passwall                 Tmut/Erth      2%         N/A       24%         2
 Ensorcelled Hibernation  Hex/Ice        2%         N/A       28%         2
 Olgreb's Toxic Radiance  Pois           16%        N/A       30%         4
 Mephitic Cloud           Conj/Pois/Air  6%         N/A       32%         3
 Swiftness                Air            1%         N/A       50%         3


Dungeon Overview and Level Annotations

Branches:
Dungeon (1/15) Zot: 5789

Altars:


Innate Abilities, Weirdness & Mutations

You cannot wear most types of armour.
You are amphibious.
You can wear up to eight rings at the same time.
Your skin changes colour to match your surroundings (Stealth+).
Your rubbery body absorbs attacks. (AC +1, EV +1)
((You are camouflaged when in or above water. (Stealth+)))
You have tentacles for arms and can constrict up to eight enemies at once.


Message History

You hit the jackal.
The jackal is heavily wounded.
You constrict the jackal. The jackal misses you.
You hit the jackal.
You kill the jackal!
e - a scroll labelled NAUGYA MENA You see here a hobgoblin corpse.
There is a stone staircase leading down here.
A frilled lizard comes into view.
The helpless frilled lizard fails to defend itself.
You puncture the frilled lizard!
You kill the frilled lizard!
Health restored: 17 You see here a frilled lizard corpse.
You see here a frilled lizard corpse.
Found a scroll labelled NAUGYA MENA.
Found an orange potion.
Found a bubbling pink potion.
f - an orange potion
e - 2 scrolls labelled NAUGYA MENA (gained 1)
Found a brown potion.
An endoplasm comes into view.
The endoplasm quivers.
The endoplasm freezes you.
You are frozen.
You take 2 damage, and have 15/17 hp.
You hit the endoplasm but do no damage. You squeeze the endoplasm.
The endoplasm is moderately wounded.
The endoplasm closely misses you.
You hit the endoplasm.
You kill the endoplasm!
g - a brown potion
Found a scroll labelled MENONA FYMA.
Health restored: 17
h - a scroll labelled MENONA FYMA This is a scroll of acquirement!
You see here a book of Burglary.
Something appears before you!
You pick up a book of Burglary and begin reading...
You add the spells Passwall, Ensorcelled Hibernation and Swiftness to your library.
Are you sure you want to abandon this character and quit the game? (Confirm with "yes".)

###########
#.....@...#
####.#######.#
########...........
#
............#######
####...#.#...#
..............#
####...#......#
##.##.#..#.#
#.##....#.#


There were no monsters in sight!

Vanquished Creatures
  An endoplasm (D:1)
  A hobgoblin (D:1)
  4 jackals (D:1)
  A ball python (D:1)
  A frilled lizard (D:1)
  A goblin (D:1)
  A rat (D:1)
10 creatures vanquished.

Notes
Turn   | Place    | Note
-------+----------+-------------------------------------------
     0 | D:1      | Psyclone the Octopode Venom Mage began the quest for the
                  | Orb.
     0 | D:1      | Reached XP level 1. HP: 11/11 MP: 3/3
    91 | D:1      | Reached skill level 4 in Poison Magic
   102 | D:1      | Reached XP level 2. HP: 12/17 MP: 5/5
   207 | D:1      | Identified a scroll of acquirement
   207 | D:1      | Acquired a book of Burglary
   211 | D:1      | Quit the game

Illustrated notes

Levels and vault maps discovered:
D:1:      dpeg_arrival_tiny_k, layout_loops_ring, minmay_hexomino_c4

Skill      XL: |  1 |
---------------+----+-----
Poison Magic   | 4 |  4.4
Dodging        | |  2.0
Stealth        | |  2.6
Spellcasting   | |  2.0
Transmutations | |  1.0

Action                     || total
---------------------------++-------
  Melee: Dagger            ||    21
         Constrict         ||     6
         Tentacles         ||     4
   Cast: Sting             ||     2
    Use: Scroll            ||     1
   Stab: Sleeping          ||     1
 Armour: Skin              ||     1
  Dodge: Dodged            ||    14
